Map: 돌개바람 - 래더

Players

Ryung

  • Race: Terran Terran
  • League: Master
  • Spawn Location: 5:00

losira - Winner!

  • Race: Zerg Zerg
  • Spawn Location: 7:00

VOD

Have the link to the VOD?

Description

Time

  • Played on: Nov. 26, 2016, 4:41 a.m.
  • Length: 16:26
Show
View Real Time Build Order
Export as new Build Order

Ryung Terran 

Build Orders: Reaper Expand, Bio Mine 

Get SALT Encoding   

  12  0:01  SCV  
  13  0:13  SCV  
  14  0:17  Supply Depot  
  14  0:25  SCV  
  15  0:39  SCV  
  15  0:40  Barracks  
  16  0:44  Refinery  
  16  0:51  SCV  
  17  1:03  SCV  
  18  1:15  SCV  
  19  1:27  Reaper  
  19  1:28  Orbital Command  
  20  1:39  Command Center  
  20  1:50  Barracks  
  20  1:53  SCV  
  21  2:00  Barracks Reactor  
  21  2:05  SCV  
  21  2:07  Supply Depot  
  22  2:17  SCV  
  23  2:24  Factory  
  23  2:26  Refinery  
  23  2:29  SCV  
  24  2:37  Marine  
  24  2:38  Marine  
  24  2:39  Barracks Tech Lab  
  24  2:41  SCV  
  27  2:52  Orbital Command  
  27  2:54  SCV  
  27  2:57  Marine x2  
  30  2:59  Marine  
  30  3:01  Stimpack  
  31  3:06  SCV  
  32  3:18  Marine x3, SCV x2  
  37  3:28  Factory Reactor  
  37  3:32  Starport  
  37  3:33  SCV x2  
  39  3:36  Marine x3  
  42  3:41  Supply Depot  
  42  3:46  SCV x2  
  44  3:54  Marine x2  
  46  3:56  Supply Depot  
  46  4:02  Marine  
  46  4:03  SCV x2  
  49  4:12  Supply Depot  
  49  4:16  Medivac x2  
  53  4:17  SCV  
  53  4:18  SCV, Marine x2  
  53  4:20  Marine  
  53  4:21  Supply Depot  
  58  4:30  Engineering Bay  
  58  4:31  Engineering Bay  
  58  4:32  SCV x2  
  60  4:40  Widow Mine, Refinery  
  60  4:44  Marine x3  
  65  4:46  Medivac  
  65  4:50  Supply Depot  
  65  4:52  SCV x2  
  69  4:57  Terran Infantry Weapons Level 1  
  69  5:03  Marine x3  
  69  5:04  Terran Infantry Armor Level 1  
  71  5:24  Command Center, Marine x3  
  74  5:32  Combat Shields  
  74  5:38  Barracks  
  74  5:41  Marine  
  74  5:42  Marine x2  
  65  5:55  SCV x2  
  65  5:56  Missile Turret  
  58  5:59  Marine x3  
  58  6:03  Factory Reactor  
  58  6:04  Medivac x2, Barracks x2  
  61  6:07  SCV x2  
  65  6:13  Refinery  
  65  6:17  Marine x3  
  67  6:19  SCV x2  
  67  6:23  Missile Turret  
  69  6:31  SCV x2  
  71  6:33  Armory  
  71  6:37  Orbital Command  
  71  6:42  Medivac x2, Marine x3  
  71  6:45  SCV  
  79  6:48  Factory Reactor  
  79  6:50  Barracks Reactor  
  79  6:53  Marine  
  79  6:54  Barracks Reactor, Marine  
  76  6:58  SCV x2  
  77  7:08  Marine x2  
  77  7:09  Marine  
  77  7:12  SCV x2  
  82  7:17  Marine x2  
  82  7:20  Terran Infantry Weapons Level 2  
  84  7:24  SCV x2  
  84  7:25  Orbital Command, Terran Infantry Armor Level 2  
  84  7:26  Marine x2  
  84  7:27  Missile Turret  
  86  7:33  Marine x4  
  86  7:42  Widow Mine x2  
  85  7:45  Marine x2  
  85  7:48  SCV x2  
  85  7:49  Marine x2  
  89  7:58  SCV  
  90  8:00  SCV x2  
  90  8:02  Medivac x2  
  96  8:05  Factory, Supply Depot  
  96  8:12  Marine x4  
  98  8:14  Widow Mine  
  98  8:18  Widow Mine  
  98  8:19  Supply Depot x2  
  101  8:20  Supply Depot, SCV  
  101  8:22  SCV  
  101  8:27  Marine x4  
  101  8:28  Marauder  
  101  8:30  SCV  
  101  8:32  SCV  
  101  8:33  Refinery  
  109  8:37  Supply Depot  
  109  8:38  Bunker, Supply Depot  
  109  8:40  Supply Depot, SCV  
  110  8:45  Widow Mine  
  110  8:48  Medivac x2, Marine x2  
  116  8:49  Marauder, Marine x4  
  116  8:54  Hellbat, Factory Tech Lab  
  126  8:55  SCV  
  126  8:56  SCV  
  128  9:03  Marine x2  
  128  9:06  Marine x2  
  131  9:11  Marine x4  
  131  9:14  Widow Mine  
  131  9:15  Drilling Claws  
  137  9:23  Marine x3  
  139  9:24  Marine  
  139  9:30  Medivac x2  
  143  9:32  Barracks  
  143  9:33  Barracks  
  143  9:34  Barracks  
  143  9:39  Widow Mine  
  143  9:40  Thor  
  143  9:42  Marauder  
  147  9:54  Marine x3  
  147  9:55  Marine  
  147  9:57  Marine x2  
  149  10:03  Missile Turret  
  149  10:07  Supply Depot  
  149  10:08  Medivac, Widow Mine, SCV x2, Supply Depot x2, Marine x2  
  149  10:09  Marauder, SCV  
  149  10:13  Terran Infantry Weapons Level 3  
  160  10:20  SCV x2  
  160  10:21  SCV  
  163  10:23  Marine x2  
  163  10:26  Marine x2  
  165  10:29  Marine  
  165  10:30  Marauder  
  165  10:31  Terran Infantry Armor Level 3  
  168  10:36  Barracks Tech Lab x2  
  168  10:37  Unknown x2  
  167  10:47  Marine x2  
  167  10:48  Barracks Reactor, Marine x2  
  167  10:49  Marine x2  
  160  10:51  Marauder  
  162  10:59  Widow Mine  
  162  11:00  Medivac x2, Widow Mine x2  
  165  11:08  Marine x6  
  165  11:09  Marauder  
  160  11:19  Marine x2  
  160  11:20  Marauder x2  
  166  11:27  Terran Vehicle Weapons Level 1  
  166  11:28  Marine x4  
  166  11:30  Medivac  
  172  11:32  Unknown  
  172  11:38  Marine x4  
  168  11:44  Marine x2  
  168  11:47  Thor, Widow Mine x2  
  178  11:54  Marine x2  
  178  11:55  Marauder x2  
  184  12:12  Marine x4  
  158  12:16  Widow Mine x2  
  158  12:21  Marine x2  
  158  12:22  Marine x2  
  138  12:27  Marine x4  
  118  12:30  Widow Mine  
  118  12:32  Marine x4  
  118  12:33  Marauder  
  111  12:39  Medivac  
  111  12:40  Marine x2  
  115  12:44  Widow Mine x2  
  115  12:46  Marauder x2  
  123  12:52  Medivac  
  123  12:53  Marine x4  
  123  12:54  Marine  
  124  13:06  Thor  
  124  13:08  Marine  
  124  13:11  Unknown  
  130  13:14  Marine x3  
  130  13:15  Orbital Command  
  130  13:16  Widow Mine  
  135  13:21  Widow Mine  
  135  13:26  Orbital Command  
  137  13:31  Marine x4  
  137  13:33  Marine x2  
  137  13:34  Marine  
  142  13:41  Marine x2  
  142  13:44  Marine x2  
  129  13:55  Widow Mine x2  
  129  14:02  Orbital Command  
  133  14:05  Thor  
  133  14:08  Marine x2  
  141  14:11  Marine x3  
  141  14:13  Barracks Reactor  
  141  14:14  Unknown x2  
  121  14:24  Barracks Reactor  
  121  14:25  Barracks Tech Lab  
  121  14:27  Marine x7  
  121  14:29  Marine  
  128  14:35  Medivac x2  
  132  14:38  Marine  
  132  14:39  Marine  
  132  14:44  Marine x2  
  140  14:45  Marauder x2  
  140  14:49  Orbital Command  
  140  14:50  Marine x4  
  131  14:55  Unknown  
  131  14:57  Marine x3  
  117  15:02  Marine  
  117  15:05  Marine x3  
  117  15:06  Marine  
  116  15:16  Unknown x3, Marine x2  
  116  15:17  Marine x2  
  116  15:19  Marine x2  
  122  15:25  Medivac x2  
  126  15:37  Marine x2  
  126  15:39  Widow Mine x2  
  131  15:53  Marine x2  
  131  15:54  Unknown, Marine x3  
  131  15:55  Medivac, Unknown  
  137  16:03  Marine x4  
  122  16:06  Marine  
Show
View Real Time Build Order
Export as new Build Order

losira Zerg - Winner!

Build Orders: Hatch First, Muta Ling Bane 

Get SALT Encoding   

  12  0:00  Drone  
  13  0:12  Overlord  
  13  0:17  Drone  
  14  0:31  Drone x2  
  16  0:35  Drone  
  17  0:52  Hatchery  
  17  0:55  Drone  
  17  0:57  Drone  
  18  1:06  Drone, Extractor  
  18  1:16  Spawning Pool  
  17  1:19  Drone  
  18  1:28  Drone  
  19  1:39  Overlord  
  19  2:01  Drone  
  19  2:03  Queen  
  19  2:04  Queen  
  19  2:05  Zergling x2  
  19  2:06  Zergling x2, Metabolic Boost  
  26  2:13  Drone  
  27  2:15  Drone  
  27  2:21  Drone  
  29  2:25  Drone  
  30  2:33  Drone  
  30  2:40  Queen  
  30  2:43  Drone x2  
  34  2:45  Spore Crawler  
  34  2:51  Lair  
  34  2:52  Overlord  
  34  2:58  Drone  
  35  3:12  Drone x5  
  40  3:14  Extractor, Drone x3  
  40  3:16  Drone  
  43  3:20  Overlord  
  43  3:34  Extractor  
  43  3:35  Drone  
  43  3:36  Extractor  
  43  3:38  Queen, Overlord  
  43  3:40  Drone  
  43  3:41  Drone  
  46  3:42  Drone  
  46  3:43  Drone  
  46  3:44  Drone  
  46  3:46  Drone  
  50  3:50  Drone x2  
  52  3:58  Spire  
  52  3:59  Drone  
  52  4:00  Drone  
  54  4:02  Drone  
  54  4:04  Drone  
  55  4:11  Overlord  
  55  4:25  Hatchery, Zergling x2  
  55  4:26  Zergling x4  
  55  4:27  Zergling x2  
  55  4:28  Zergling x2  
  59  4:32  Zergling x6  
  62  4:39  Queen  
  62  4:40  Zergling x2  
  62  4:41  Zergling x2  
  66  4:46  Overlord  
  65  4:54  Overlord  
  65  5:09  Mutalisk  
  65  5:10  Mutalisk x4  
  65  5:11  Mutalisk  
  77  5:17  Mutalisk x2  
  77  5:20  Zergling x8  
  80  5:24  Overlord  
  80  5:40  Zergling x8  
  80  5:48  Mutalisk  
  80  5:49  Mutalisk  
  73  5:54  Mutalisk  
  73  5:57  Drone  
  76  5:59  Drone  
  76  6:00  Extractor  
  76  6:08  Mutalisk  
  78  6:12  Drone x2  
  78  6:14  Evolution Chamber  
  78  6:16  Evolution Chamber  
  78  6:18  Zergling x6  
  81  6:21  Drone x2  
  81  6:24  Baneling Nest  
  82  6:31  Zergling x12  
  88  6:40  Zergling x2  
  88  6:44  Overlord  
  89  6:49  Overlord  
  89  6:52  Overlord  
  89  6:55  Overseer  
  89  6:58  Overlord  
  89  7:00  Zerg Melee Weapons Level 1, Zerg Ground Armor Level 1  
  89  7:03  Drone  
  89  7:06  Overlord  
  89  7:08  Centrifical Hooks, Drone  
  91  7:11  Drone  
  91  7:13  Drone  
  93  7:18  Drone x2  
  93  7:19  Drone x2  
  93  7:21  Extractor x2  
  95  7:24  Zerg Flyer Armor Level 1  
  95  7:25  Drone  
  95  7:26  Drone  
  96  7:33  Drone  
  96  7:35  Drone  
  99  7:37  Drone  
  99  7:38  Mutalisk, Drone  
  99  7:39  Mutalisk  
  99  7:41  Mutalisk  
  99  7:43  Drone  
  105  7:46  Overlord  
  105  7:48  Drone  
  105  7:49  Drone  
  105  7:50  Drone  
  106  7:53  Mutalisk  
  106  7:58  Drone x2  
  109  7:59  Mutalisk  
  109  8:01  Overlord  
  109  8:03  Zergling x2  
  109  8:04  Zergling x2  
  109  8:05  Zergling x2  
  112  8:07  Zergling x2  
  112  8:08  Mutalisk  
  112  8:11  Zergling x2  
  111  8:18  Zergling x2  
  111  8:20  Zergling x2  
  111  8:21  Zergling x2  
  111  8:22  Zergling x2  
  111  8:23  Zergling x2  
  111  8:29  Drone x3  
  111  8:33  Pneumatized Carapace  
  114  8:34  Zergling x2  
  114  8:35  Zergling x10  
  114  8:36  Zergling x2  
  114  8:38  Zergling x2  
  122  8:41  Baneling  
  122  8:42  Baneling x8  
  122  8:43  Overlord  
  122  8:44  Hatchery  
  122  8:46  Zergling x4  
  123  8:50  Overlord  
  123  8:55  Zerg Melee Weapons Level 2  
  123  8:56  Zerg Ground Armor Level 2  
  123  9:05  Baneling x5  
  123  9:09  Baneling  
  122  9:12  Zergling x10, Drone x6  
  122  9:15  Mutalisk  
  135  9:17  Zergling x4  
  135  9:19  Zergling x2  
  138  9:24  Drone  
  138  9:25  Drone x3  
  138  9:27  Overlord  
  142  9:32  Zerg Flyer Armor Level 2  
  142  9:34  Zergling x2  
  143  9:38  Baneling  
  143  9:39  Baneling x7  
  143  9:49  Zergling x2  
  143  9:50  Zergling x14  
  151  9:59  Mutalisk x3  
  147  10:01  Zergling x10  
  147  10:03  Extractor  
  147  10:05  Zergling x4  
  147  10:06  Baneling  
  147  10:07  Baneling x2  
  157  10:08  Baneling  
  157  10:09  Baneling x3  
  157  10:12  Zergling x6  
  160  10:16  Overlord  
  160  10:19  Baneling x7  
  160  10:21  Baneling  
  160  10:22  Baneling, Overlord  
  160  10:23  Overlord  
  160  10:24  Baneling  
  159  10:30  Baneling  
  159  10:31  Baneling  
  159  10:35  Zergling x16  
  165  10:45  Zergling x2  
  165  10:46  Zergling x20  
  157  10:50  Overlord  
  157  10:51  Zergling x10  
  157  10:55  Overlord  
  157  10:57  Zergling x4  
  160  11:01  Zergling x8  
  164  11:04  Zergling x8  
  164  11:06  Baneling x5  
  164  11:07  Baneling x9  
  159  11:14  Mutalisk x2  
  159  11:17  Zergling x4  
  164  11:22  Mutalisk  
  164  11:24  Baneling, Mutalisk  
  164  11:25  Mutalisk  
  168  11:26  Mutalisk x2  
  168  11:29  Mutalisk  
  176  11:34  Zergling x2  
  176  11:35  Zergling x2  
  176  11:37  Zergling x2  
  176  11:38  Zergling x10  
  182  11:45  Zergling x10  
  185  11:48  Zergling x4  
  185  11:53  Zergling x8  
  191  11:58  Overseer  
  191  12:00  Overlord  
  190  12:10  Zergling x2  
  190  12:11  Zergling x16  
  190  12:14  Zergling x2  
  171  12:17  Zergling x2, Hatchery  
  171  12:20  Zergling x2  
  161  12:26  Zergling x10  
  161  12:27  Zergling x4  
  161  12:28  Zergling x8  
  155  12:32  Zergling x2  
  155  12:34  Zergling x2  
  155  12:43  Zergling x6  
  155  12:51  Zergling x14  
  156  12:56  Baneling x10, Overseer  
  156  12:57  Baneling  
  156  12:58  Baneling x25  
  159  12:59  Zergling x4  
  159  13:03  Zergling x6  
  159  13:05  Overseer  
  164  13:06  Zergling x2  
  164  13:07  Zergling x4  
  164  13:09  Zergling x2  
  164  13:10  Zergling x4  
  164  13:12  Hatchery  
  169  13:14  Zergling x6  
  169  13:18  Zergling x2  
  169  13:19  Zergling x8  
  177  13:21  Zergling x6  
  177  13:22  Hatchery, Zergling x2  
  180  13:31  Zergling x4  
  180  13:34  Zergling x2  
  181  13:35  Zergling x4  
  181  13:36  Zergling x2  
  181  13:37  Zergling x4  
  181  13:38  Zergling x2  
  181  13:40  Zergling x2  
  182  13:42  Zergling x2  
  177  13:48  Zergling x2  
  177  13:51  Zergling x2  
  177  13:52  Baneling x32  
  179  14:02  Zergling x4  
  181  14:03  Zergling x12  
  177  14:12  Mutalisk x3  
  173  14:25  Zergling x20  
  173  14:31  Baneling x10  
  182  14:34  Zergling x6  
  182  14:37  Zergling x6  
  188  14:42  Zergling x8  
  188  14:45  Baneling x8  
  192  14:46  Baneling  
  192  14:50  Zergling x6  
  175  14:59  Zergling x12  
  147  15:11  Zergling x4  
  147  15:12  Zergling x14, Baneling x9  
  147  15:13  Baneling x6  
  147  15:14  Zergling x2  
  155  15:18  Zergling x4  
  155  15:19  Zergling x6  
  155  15:20  Zergling x2  
  155  15:21  Zergling x2, Drone  
  162  15:25  Zergling x2  
  163  15:29  Zergling x8  
  163  15:31  Zergling x4  
  163  15:33  Zergling x6  
  163  15:34  Zergling x2  
  172  15:37  Zergling x2  
  172  15:38  Mutalisk  
  172  15:41  Baneling x5  
  172  15:42  Baneling x2  
  173  15:43  Mutalisk x2  
  173  15:45  Mutalisk  
  173  15:49  Mutalisk  
  181  15:50  Mutalisk  
  181  15:52  Mutalisk  
  181  15:54  Mutalisk  
  181  15:55  Zergling x4  
  181  15:57  Mutalisk  
  181  15:59  Zergling x2  
  181  16:00  Mutalisk  
  181  16:02  Mutalisk  
Tags
 
Add a new tag
Caveats
  • Supply blocks, unpowered buildings, or Contaminate may cause inaccurate times.
  • Supply counts are checked every 10 seconds.